 Dungeon Crawl Stone Soup version 0.22.0-40-g68aacdc4c8 (webtiles) character file.

13534 Peloso the Carver (level 11, 0/97 HPs)
             Began as a Minotaur Fighter on Sept 1, 2018.
             Was a High Priest of Okawaru.
             Engulfed by an ice statue's freezing vapour (7 damage)
             ... in an ice cave.
             The game lasted 00:25:27 (11599 turns).

Peloso the Carver (Minotaur Fighter)               Turns: 11599, Time: 00:25:28

Health: 0/97       AC:  9    Str: 22    XL:     11   Next: 76%
Magic:  0/11       EV: 13    Int:  3    God:    Okawaru [*****.]
Gold:   647        SH: 13    Dex: 15    Spells: 10/10 levels left

rFire    . . .     SeeInvis .   v - +10 war axe "Piuxzuad" {chop, rN+ Int-2 Stlth+}
rCold    . . .     Gourm    .   c - +1 shield
rNeg     + . .     Faith    .   u - +3 ring mail "Nishu" {+Blink Dex+3}
rPois    +         Spirit   +   (helmet restricted)
rElec    .         Reflect  .   e - +0 cloak
rCorr    .         Harm     .   (no gloves)
MR       .....                  (no boots)
Stlth    ++........             G - amulet of guardian spirit
HPRegen  0.26/turn              C - ring of poison resistance
MPRegen  0.12/turn              B - -2 ring of protection (curse)

@: about to teleport
A: retaliatory headbutt, horns 2
a: Heroism, Finesse, Renounce Religion, Evoke Blink


You were in an ice cave.
You worshipped Okawaru.
Okawaru was extremely pleased with you.
You were not hungry.

You visited 3 branches of the dungeon, and saw 13 of its levels.
You also visited: Ice Cave.

You collected 647 gold pieces.

Inventory:

Hand Weapons
 a - a +1 scimitar of flaming
 v - the +10 war axe "Piuxzuad" (weapon) {chop, rN+ Int-2 Stlth+}
   (You found it on level 5 of the Dungeon)

   It inflicts extra damage upon your enemies.
   It affects your intelligence (-2).
   It protects you from negative energy.
   It makes you more stealthy.
Armour
 b - a +0 plate armour
 c - a +1 shield (worn)
 e - a +0 cloak (worn)
 u - the +3 ring mail "Nishu" (worn) {+Blink Dex+3}
   (You found it on level 8 of the Dungeon)

   It affects your dexterity (+3).
   It lets you blink.
Jewellery
 s - an uncursed ring of protection from magic
 B - a cursed -2 ring of protection (right hand)
 C - a ring of poison resistance (left hand)
 D - an uncursed amulet of the acrobat
 E - an uncursed ring of resist corrosion
 G - an amulet of guardian spirit (around neck)
Wands
 d - a wand of polymorph (21)
 l - a wand of paralysis (18)
 p - a wand of iceblast (1)
 t - a wand of digging (11)
 y - a wand of acid (19)
 z - a wand of disintegration (17)
 A - a wand of clouds (7)
Scrolls
 g - 7 scrolls of identify
 h - 5 scrolls of remove curse
 k - a scroll of enchant armour
 m - 3 scrolls of fear
 n - a scroll of fog
 r - 2 scrolls of teleportation
 x - 4 scrolls of noise
 H - a scroll of brand weapon
Potions
 i - 2 potions of curing
 j - a potion of invisibility
 o - a potion of cancellation
 q - 3 potions of brilliance
 w - a potion of might
 F - a potion of haste
Comestibles
 f - 25 rations


   Skills:
 + Level 9.1 Fighting
 + Level 10.9 Long Blades
 + Level 10.1 Axes
 + Level 9.7 Armour
 + Level 5.4 Dodging
 + Level 1.6 Stealth
 + Level 10.8 Shields
 + Level 0.3 Invocations
 + Level 1.4 Evocations


You had 10 spell levels left.
You didn't know any spells.
Your spell library contained the following spells:

 Spells                   Type           Power        Failure   Level  Hunger
 Animate Skeleton         Necr           N/A          83%         1    ##.....
 Apportation              Tloc           #.....       83%         1    ##.....
 Confusing Touch          Hex            #.....       83%         1    ##.....
 Pain                     Necr           #...         83%         1    ##.....
 Summon Small Mammal      Summ           #...         83%         1    ##.....
 Regeneration             Chrm/Necr      #.........   99%         3    ####...
 Vampiric Draining        Necr           #.........   99%         3    ####...
 Animate Dead             Necr           N/A          100%        4    #####..


Dungeon Overview and Level Annotations

Branches:
Dungeon (11/15)            Temple (1/1) D:6            Lair (1/6) D:11
    Orc (0/2) D:10

Altars:
Ashenzari
Cheibriados
Dithmenos
Elyvilon
Fedhas
Gozag
Hepliaklqana
Kikubaaqudgha
Makhleb
Nemelex Xobeh
Okawaru
Qazlal
Ru
Sif Muna
Trog
Uskayaw
Vehumet
Wu Jian
Xom
Yredelemnul
Zin
The Shining One

Shops:
D:8 }   D:10 [

Annotations:
IceCv exclusion: 3 ice statues


Innate Abilities, Weirdness & Mutations

You reflexively headbutt those who attack you in melee.
You have a pair of horns on your head.


Message History

You are engulfed in freezing vapours.
Unknown command.
You hit the ice statue but do no damage.
The ice statue is lightly damaged.
You hit the ice beast.
You are engulfed in freezing vapours.
The ice beast hits you. The ice beast freezes you!
The ice statue gestures.
The ice statue gestures at you. The freezing blast engulfs you!
* * * LOW HITPOINT WARNING * * *
You hit the ice statue.
You headbutt the ice statue, but do no damage.
The ice statue is moderately damaged.
You closely miss the ice beast. You hit the ice beast.
You are engulfed in freezing vapours.
* * * LOW HITPOINT WARNING * * *
The ice beast hits you but does no damage.
You block the ice beast's attack.
As you read the scroll of teleportation, it crumbles to dust.
You feel strangely unstable.
You are engulfed in freezing vapours.
You die...

.. ###8###
##.....##
##...Y...##
#.........#
#§§§......#
#§§Y§.....#
#§@Y..§...#
#8§§§§§..8#
#####§#####
#)......((#
#.........#
#).......)#
#.........#
#.........#
##.......##


You could see 3 ice statues and 3 ice beasts.

Vanquished Creatures
  Erica (D:8)
  2 two-headed ogres
  A death knight (D:11)
  Pikel (D:4)
  An orc knight (D:10)
  An ugly thing (IceCv)
  A spiny frog (Lair:1)
  A komodo dragon (Lair:1)
  Grinder (D:3)
  A hornet (D:10)
  Prince Ribbit (D:6)
  7 blink frogs (Lair:1)
  A hippogriff (D:7)
  Sigmund (D:2)
  9 yaks
  A wyvern (D:11)
  4 hogs (D:11)
  A human (D:11)
  Eustachio (D:4)
  Grum (D:8)
  Menkaure (D:5)
  Edmund (D:5)
  A water moccasin (D:10)
  3 orc warriors
  2 sky beasts
  3 ogres
  9 ice beasts
  A black bear (D:9)
  3 wolves (D:8)
  2 phantoms
  A crocodile (Lair:1)
  6 bullfrogs
  A water moccasin skeleton (D:9)
  2 scorpions
  4 wights (D:10)
  2 howler monkeys (D:8)
  A bullfrog zombie (D:8)
  A centaur zombie (D:11)
  2 quasits
  5 hounds
  A bullfrog skeleton (D:9)
  5 orc priests
  A jelly (D:9)
  3 centaur skeletons
  6 orc wizards
  4 iguanas
  8 worker ants
  Ijyb (D:3)
  A hound zombie (D:9)
  A hound skeleton (D:5)
  Robin (D:2)
  A worker ant zombie (D:11)
  4 gnolls
  5 adders
  4 shadow imps
  3 adder skeletons
  2 adder zombies (D:9)
  5 worms
  2 dart slugs
  2 leopard geckos
  16 orcs
  4 giant cockroaches
  13 goblins
  9 hobgoblins
  10 jackals
  3 quokkas
  3 bats
  2 frilled lizards
  A jackal skeleton (D:5)
  5 kobolds
  A leopard gecko skeleton (D:4)
  A quokka zombie (D:9)
  7 rats
224 creatures vanquished.

Vanquished Creatures (others)
  A wolf (D:8)
  2 plants (Lair:1)
3 creatures vanquished.

Grand Total: 227 creatures vanquished

Notes
Turn   | Place    | Note
-------+----------+-------------------------------------------
     0 | D:1      | Peloso the Minotaur Fighter began the quest for the Orb.
     0 | D:1      | Reached XP level 1. HP: 19/19 MP: 0/0
   139 | D:1      | Reached XP level 2. HP: 14/27 MP: 1/1
   693 | D:2      | Reached XP level 3. HP: 20/33 MP: 2/2
   838 | D:2      | Noticed Sigmund
   893 | D:2      | Killed Sigmund
   893 | D:2      | Reached skill level 5 in Armour
   893 | D:2      | Reached skill level 1 in Dodging
   893 | D:2      | Reached XP level 4. HP: 34/41 MP: 3/3
   893 | D:2      | Reached XP level 5. HP: 39/47 MP: 4/4
  1069 | D:2      | Noticed Robin
  1080 | D:2      | Killed Robin
  1457 | D:3      | Reached XP level 6. HP: 27/53 MP: 5/5
  1917 | D:3      | Noticed Ijyb
  1932 | D:3      | Killed Ijyb
  2504 | D:4      | Noticed Grinder
  2519 | D:4      | Reached skill level 5 in Shields
  2523 | D:4      | Paralysed by Grinder for 5 turns
  2530 | D:4      | Paralysed by Grinder for 2 turns
  2922 | D:4      | Paralysed by Grinder for 3 turns
  2941 | D:3      | Killed Grinder
  2941 | D:3      | Reached skill level 5 in Fighting
  2941 | D:3      | Reached skill level 5 in Long Blades
  2941 | D:3      | Reached XP level 7. HP: 36/61 MP: 6/6
  3739 | D:4      | Noticed Pikel
  3810 | D:4      | Killed Pikel
  3810 | D:4      | Reached XP level 8. HP: 21/70 MP: 7/7
  3916 | D:4      | Noticed Eustachio
  3932 | D:4      | Killed Eustachio
  4404 | D:5      | Entered Level 5 of the Dungeon
  4440 | D:5      | Noticed Edmund
  4445 | D:5      | Killed Edmund
  4566 | D:5      | Found a deep blue altar of Sif Muna.
  4615 | D:5      | Noticed Menkaure
  4621 | D:5      | Killed Menkaure
  4882 | D:5      | Found a shadowy altar of Dithmenos.
  5015 | D:5      | Got a fine war axe
  5016 | D:5      | Identified the +10 war axe "Piuxzuad" {chop, rN+ Int-2 Stlth+} (You found it on level 5 of the Dungeon)
  5228 | D:6      | Found a sacrificial altar of Ru.
  5331 | D:6      | Found a staircase to the Ecumenical Temple.
  5340 | Temple   | Entered the Ecumenical Temple
  5742 | D:6      | Found a glowing golden altar of the Shining One.
  5901 | D:6      | Noticed Prince Ribbit
  5921 | D:6      | Killed Prince Ribbit
  5921 | D:6      | Reached XP level 9. HP: 38/78 MP: 8/8
  6199 | D:7      | Reached skill level 1 in Axes
  6336 | D:7      | Found an iron altar of Okawaru.
  6345 | D:7      | Became a worshipper of Warmaster Okawaru
  6409 | D:7      | Reached skill level 1 in Evocations
  6793 | D:8      | Noticed Erica
  6807 | D:8      | Killed Erica
  6807 | D:8      | Reached * piety under Okawaru
  6812 | D:8      | Noticed Grum
  6832 | D:8      | Killed Grum
  6832 | D:8      | Reached ** piety under Okawaru
  6835 | D:8      | Reached skill level 5 in Axes
  6857 | D:8      | Reached XP level 10. HP: 58/86 MP: 10/10
  7217 | D:8      | Got a dazzling ring mail
  7218 | D:8      | Identified the +3 ring mail "Nishu" {+Blink Dex+3} (You found it on level 8 of the Dungeon)
  7472 | D:8      | Noticed a two-headed ogre
  7477 | D:8      | Killed a two-headed ogre
  7530 | D:8      | Found Cusk's Gadget Boutique.
  7552 | D:8      | Found an opulent altar of Gozag.
  8057 | D:9      | Reached *** piety under Okawaru
  8398 | D:10     | Entered Level 10 of the Dungeon
  8487 | D:10     | Paralysed by a hornet for 2 turns
  8493 | D:10     | Paralysed by a hornet for 3 turns
  9148 | D:10     | Found Liabetz's Armour Shoppe.
  9149 | D:10     | Found a staircase to the Orcish Mines.
  9149 | D:10     | Noticed an orc knight
  9171 | D:10     | Killed an orc knight
  9171 | D:10     | Reached **** piety under Okawaru
  9196 | D:10     | Got a diamond-encrusted ring mail
  9202 | D:10     | Identified the +3 ring mail of the Mutiny {-Tele rPois Int+3} (You found it on level 10 of the Dungeon)
  9488 | D:11     | Reached skill level 10 in Long Blades
  9488 | D:11     | Reached XP level 11. HP: 48/95 MP: 2/11
  9870 | D:11     | Found a staircase to the Lair.
  9873 | D:11     | Noticed a death knight
  9894 | D:11     | Killed a death knight
  9894 | D:11     | Reached ***** piety under Okawaru
  9894 | D:11     | Reached skill level 10 in Shields
 10143 | D:11     | Noticed a two-headed ogre
 10150 | D:11     | Killed a two-headed ogre
 10150 | D:11     | Reached skill level 5 in Dodging
 10494 | D:11     | Noticed a white ugly thing
 10536 | D:11     | HP: 2/95 [white ugly thing (10)]
 11001 | Lair:1   | Entered Level 1 of the Lair of Beasts
 11004 | Lair:1   | Reached skill level 1 in Stealth
 11155 | Lair:1   | Found a frozen archway.
 11162 | Lair:1   | HP: 2/97 [rime drake/flash freeze (17)]
 11166 | IceCv    | Entered an ice cave
 11425 | IceCv    | Reached skill level 10 in Axes
 11438 | IceCv    | Noticed a white ugly thing
 11459 | IceCv    | Killed a white ugly thing
 11593 | IceCv    | Noticed a white ugly thing
 11599 | IceCv    | Engulfed by an ice statue's freezing vapour

Skill      XL: |  1  2  3  4  5  6  7  8  9 10 11 |
---------------+----------------------------------+-----
Fighting       | 4 5 6 7 8 9 |  9.1
Armour         | 4 5 6 7 9 |  9.7
Shields        | 4 5 6 7 8 9 10 | 10.8
Long Blades    | 4 5 7 8 10 | 10.9
Dodging        | 1 2 3 4 5 |  5.4
Axes           | 5 8 10 | 10.1
Evocations     | 1 |  1.4
Stealth        | 1 |  1.6
Invocations    | |  0.3

Action                   |  1- 3 |  4- 6 |  7- 9 | 10-12 || total
-------------------------+-------+-------+-------+-------++-------
Melee: Long sword        |    64 |   147 |   156 |       ||   367
       Headbutt          |    18 |    31 |    38 |    83 ||   170
       War axe           |       |       |    66 |   125 ||   191
       Scimitar          |       |       |       |   162 ||   162
Invok: Heroism           |       |       |       |     1 ||     1
Evoke: Wand              |       |     1 |     5 |     5 ||    11
  Use: Potion            |     1 |     1 |       |     7 ||     9
       Scroll            |       |     6 |    10 |     6 ||    22
  Eat: Chunk             |       |     6 |    10 |    13 ||    29
       Ration            |       |       |     1 |     1 ||     2
Armor: Scale mail        |    23 |    22 |     6 |       ||    51
       Leather armour    |       |     8 |       |       ||     8
       Chain mail        |       |       |    67 |     9 ||    76
       Ring mail         |       |       |       |    46 ||    46
Dodge: Dodged            |    27 |    45 |    58 |   109 ||   239
Block: Shield            |    30 |    71 |   112 |   165 ||   378
       Rpst.: Long sword |    10 |    10 |     6 |       ||    26
       Scimitar          |       |       |       |    22 ||    22
